 Dungeon Crawl Stone Soup version 0.19-a0-2242-gc784e87 (webtiles) character file.

79 polly the Chopper (level 4, -1/40 HPs)
             Began as a Minotaur Berserker on Mar 3, 2017.
             Was a Believer of Trog.
             Slain by Crazy Yiuf
             ... wielding a +3 quarterstaff of chaos
              (15 damage)
             ... on level 2 of the Dungeon.
             The game lasted 00:01:25 (1597 turns).

polly the Chopper (Minotaur Berserker)              Turns: 1597, Time: 00:01:26

Health: -1/40      AC:  2 (0%)Str: 23   XL:     4   Next: 17%
Magic:  3/3        EV: 12    Int:  4    God:    Trog [**....]
Gold:   128        SH:  0    Dex:  9    Spells: 3/3 levels left

rFire    . . .     SeeInvis .   a - +0 hand axe
rCold    . . .     Faith    .   b - +0 animal skin
rNeg     . . .     Spirit   .   (no shield)
rPois    .         Reflect  .   (helmet restricted)
rElec    .                      (no cloak)
rCorr    .                      (no gloves)
MR       .....                  (no boots)
Stlth    +.........             (no amulet)
Regen    0.2/turn               (no ring)
MPRegen  0.2/turn               (no ring)

@: lethally poisoned (-1 -> -12)
A: retaliatory headbutt, horns 2
a: Berserk, Trog's Hand, Renounce Religion


You were on level 2 of the Dungeon.
You worshipped Trog.
Trog was pleased with you.
You were not hungry.

You visited 1 branch of the dungeon, and saw 2 of its levels.

You collected 128 gold pieces.

Inventory:

Hand Weapons
 a - a +0 hand axe (weapon)
Armour
 b - a +0 animal skin (worn)
Jewellery
 c - an uncursed ring of protection from magic
Scrolls
 d - a scroll of enchant armour
 e - a scroll of fog
Potions
 f - a potion of invisibility


   Skills:
 + Level 4.2 Fighting
 + Level 4.9 Axes
 + Level 3.0 Armour
 + Level 2.5 Dodging
 + Level 0.5 Stealth


You had 3 spell levels left.
You didn't know any spells.

Dungeon Overview and Level Annotations

Branches:
Dungeon (2/15)
   Lair: D:-1         Crypt: Vaults:-1     Tomb: Vaults:-1

Altars:
Vehumet

Annotations:
D:2 Crazy Yiuf


Innate Abilities, Weirdness & Mutations

You reflexively headbutt those who attack you in melee.
You have a pair of horns on your head.


Message History

Crazy Yiuf shouts!
Found a +0 mace.
There is an open door here.
You barely miss Crazy Yiuf. Crazy Yiuf closely misses you.
You barely miss Crazy Yiuf.
Crazy Yiuf waves his quarterstaff at you.
Crazy Yiuf hits you with a +3 quarterstaff of chaos (11)!
You are poisoned.
You hit Crazy Yiuf (5).
You headbutt Crazy Yiuf, but do no damage.
Crazy Yiuf is moderately wounded.
You feel sick.
Crazy Yiuf hits you with a +3 quarterstaff of chaos (13)!
Crazy Yiuf draws strength from your injuries!
You slash Crazy Yiuf (8)!
Crazy Yiuf is heavily wounded.
You feel sick.
Crazy Yiuf screams, "Adder!
Trifle koolooloo turtle."
Crazy Yiuf hits you with a +3 quarterstaff of chaos (15)!
You die...

####.......# #...)#
#..#### # ###.##.##
♣P...♣ #..# #.....#
♣...♣♣ #..######## ###
####.## ♣♣.♣♣
#.........# ..## #.#
♣.♣♣ ##........#
.#.######.# ♣♣.♣
#...#####.# ..........#
♣.♣♣ #......##.##
########### ♣♣.♣
#.#.##.....# #@#
#.#.#####..# #.g.#
#........... #...#
#.#......... #..)#
#.##.#.###.. #####
#.##.#.#....
#.##.#.#.##. ####
###....#.#.##. #..#
#......#......
####.#####.....##......


You could see Crazy Yiuf.

Vanquished Creatures
  3 adders (D:2)
  An ooze (D:1)
  A dart slug (D:1)
  3 quokkas
  2 ball pythons (D:2)
  2 giant cockroaches
  4 hobgoblins
  6 jackals
  3 kobolds
  5 bats
  2 frilled lizards (D:2)
  5 goblins
  2 rats (D:2)
  3 fungi (D:2)
42 creatures vanquished.

Notes
Turn   | Place    | Note
-------+----------+-------------------------------------------
     0 | D:1      | polly the Minotaur Berserker began the quest for the Orb.
     0 | D:1      | Reached XP level 1. HP: 19/19 MP: 0/0
    86 | D:1      | Reached XP level 2. HP: 24/26 MP: 1/1
   781 | D:2      | Reached XP level 3. HP: 33/33 MP: 2/2
  1163 | D:2      | Found a runed door.
  1178 | D:2      | Found a radiant altar of Vehumet.
  1198 | D:2      | Reached ** piety under Trog
  1245 | D:2      | Reached XP level 4. HP: 21/40 MP: 3/3
  1592 | D:2      | Noticed Crazy Yiuf
  1597 | D:2      | Slain by Crazy Yiuf

Vault maps used:
D:1:      elethiomel_arrival_infinity_welcomes_careful_drivers
D:2:      lemuel_crystal_altar, minmay_crystal_water, minmay_shallow_snake_nest,
          uniq_crazy_yiuf_cottage

Skill      XL: |  1  2  3 |
---------------+----------+-----
Axes           | 4 |  4.9
Fighting       | 4 |  4.2
Armour         | 3 |  3.0
Dodging        | |  2.5
Stealth        | |  0.5

Action                   |  1- 3 |  4- 6 || total
-------------------------+-------+-------++-------
Melee: Hand axe          |    83 |     9 ||    92
       Headbutt          |    14 |     2 ||    16
 Stab: Sleeping          |     3 |       ||     3
Armor: Animal skin       |    18 |       ||    18
Dodge: Dodged            |    44 |     6 ||    50
